 Dungeon Crawl Stone Soup version 0.22.1-1-ga44c0e56f4 (webtiles) character file.

5607 Azzok the Geomancer (level 10, -6/75 HPs)
             Began as a Deep Dwarf Earth Elementalist on Oct 9, 2018.
             Was a Believer of Makhleb.
             Mangled by a troll (11 damage)
             ... on level 8 of the Dungeon.
             The game lasted 00:16:15 (11421 turns).

Azzok the Geomancer (DDEE)                         Turns: 11421, Time: 00:16:15

Health: -6/75      AC:  8    Str: 12    XL:     10   Next: 45%
Magic:  15/27      EV: 12    Int: 21    God:    Makhleb [**....]
Gold:   315        SH:  0    Dex: 13    Spells: 9/23 levels left

rFire    . . .     SeeInvis .   J - +4 dagger "Xaexuc" {speed, rElec Int+2}
rCold    . . .     Gourm    .   (no shield)
rNeg     . . .     Faith    .   c - +0 robe
rPois    .         Spirit   .   v - +1 helmet
rElec    +         Reflect  .   e - +0 cloak
rCorr    .         Harm     .   (no gloves)
MR       +....                  (no boots)
Stlth    ++........             I - amulet of the acrobat
HPRegen  0.00/turn              F - ring of magical power
MPRegen  0.20/turn              u - +3 ring of protection

@: non-regenerating
A: damage resistance, heal wounds, sense surroundings 2, no regeneration
a: Heal Wounds, Minor Destruction, Renounce Religion


You were on level 8 of the Dungeon.
You worshipped Makhleb.
Makhleb was pleased with you.
You were not hungry.

You visited 2 branches of the dungeon, and saw 9 of its levels.

You collected 315 gold pieces.

Inventory:

Hand Weapons
 J - the +4 dagger "Xaexuc" (weapon) {speed, rElec Int+2}
   (You found it on level 8 of the Dungeon)

   Attacks with this weapon are significantly faster.
   It affects your intelligence (+2).
   It insulates you from electricity.
Missiles
 b - 74 stones (quivered)
Armour
 c - a +0 robe (worn)
 e - a +0 cloak (worn)
 v - a +1 helmet (worn)
Jewellery
 r - an uncursed ring of protection from fire
 u - a +3 ring of protection (right hand)
 x - an uncursed ring of stealth
 F - a ring of magical power (left hand)
 I - an amulet of the acrobat (around neck)
Wands
 p - a wand of random effects (161)
 y - a wand of paralysis (23)
 D - a wand of acid (9)
Scrolls
 a - 3 scrolls of identify
 i - 2 scrolls of fog
 j - 5 scrolls of amnesia
 k - 2 scrolls of teleportation
 m - a scroll of magic mapping {unknown}
 n - 2 scrolls of immolation {unknown}
 o - a scroll of random uselessness {unknown}
 s - 2 scrolls of fear {unknown}
 E - 2 scrolls of remove curse {unknown}
 H - a scroll of enchant weapon {unknown}
Potions
 g - 3 potions of agility
 h - 2 potions of ambrosia
 l - 3 potions of heal wounds
 q - 2 potions of brilliance
 w - 4 potions of resistance
 z - 2 potions of curing {unknown}
 A - a potion of haste {unknown}
 B - 3 potions of lignification {unknown}
 G - a potion of invisibility {unknown}
Comestibles
 d - 19 rations


   Skills:
 - Level 2.1 Dodging
 - Level 2.4 Stealth
 + Level 7.4 Spellcasting
 + Level 7.8 Conjurations
   Level 0.8 Transmutations
 + Level 13.1 Earth Magic


You had 9 spell levels left.
You knew the following spells:

 Your Spells              Type           Power        Failure   Level  Hunger
a - Sandblast             Erth           ######       1%          1    None
b - Stone Arrow           Conj/Erth      ######       1%          3    None
c - Fulminant Prism       Conj/Hex       ###.......   17%         4    ###....
d - Iron Shot             Conj/Erth      ######....   17%         6    ######.

Your spell library contained the following spells:

 Spells                   Type           Power        Failure   Level  Hunger
 Magic Dart               Conj           ####         1%          1    None
 Shock                    Conj/Air       ###.         1%          1    None
 Passwall                 Tmut/Erth      #####...     1%          2    None
 Searing Ray              Conj           #####.       1%          2    None
 Lee's Rapid Deconstruct  Erth           ######....   1%          5    #####..
 Iskenderun's Mystic Bla  Conj           #####...     3%          4    ###....
 Conjure Flame            Conj/Fire      ###.....     4%          3    None
 Dazzling Spray           Conj/Hex       ###...       4%          3    None
 Static Discharge         Conj/Air       ###.....     4%          3    None
 Petrify                  Tmut/Erth      #####...     4%          4    ###....
 Leda's Liquefaction      Hex/Erth       #####.....   5%          4    ###....
 Corona                   Hex            #......      9%          1    None
 Mephitic Cloud           Conj/Pois/Air  ###.....     9%          3    None
 Blink                    Tloc           N/A          13%         2    None
 Call Imp                 Summ           #.......     13%         2    None
 Slow                     Hex            #.......     13%         2    None
 Swiftness                Chrm/Air       #.......     13%         2    None
 Bolt of Magma            Conj/Fire/Erth #####.....   13%         5    #####..
 Borgnjor's Vile Clutch   Necr/Erth      #####.....   16%         5    #####..
 Force Lance              Conj/Tloc      ###.....     17%         4    ###....
 Inner Flame              Hex/Fire       #.......     26%         3    None
 Portal Projectile        Hex/Tloc       #.....       26%         3    None
 Irradiate                Conj/Tmut      ####......   36%         5    #####..
 Iskenderun's Battlesphe  Conj/Chrm      ###.....     43%         5    #####..
 Lightning Bolt           Conj/Air       ###.......   43%         5    #####..
 Venom Bolt               Conj/Pois      ###.......   43%         5    #####..
 Statue Form              Tmut/Erth      #####....    58%         6    ######.
 Airstrike                Air            #.........   63%         4    ###....
 Cause Fear               Hex            #.........   63%         4    ###....
 Orb of Destruction       Conj           #####.....   96%         7    #######
 Hydra Form               Tmut           ##........   100%        6    ######.
 Dragon Form              Tmut           ##........   100%        7    #######
 Spellforged Servitor     Conj/Summ      ###.......   100%        7    #######


Dungeon Overview and Level Annotations

Branches:
Dungeon (8/15)             Temple (1/1) D:6
   Lair: D:8-11

Altars:
Cheibriados
Dithmenos
Elyvilon
Fedhas
Gozag
Hepliaklqana
Makhleb
Nemelex Xobeh
Okawaru
Qazlal
Ru
Trog
Wu Jian
Xom
Zin
The Shining One

Shops:
D:4 [   D:8 :


Innate Abilities, Weirdness & Mutations

You are resistant to damage.
You can heal yourself by infusing magical energy.
You passively map the area around you.
You do not regenerate.


Message History

Aiming: Stone Arrow (safe; 1% risk of failure)
Press: ? - help, Shift-Dir - straight line, f - troll
Aim: a troll The stone arrow misses the troll.
Casting: Stone Arrow (safe; 1% risk of failure)
Confirm with . or Enter, or press ? or * to list all spells.
Aiming: Stone Arrow (safe; 1% risk of failure)
Press: ? - help, Shift-Dir - straight line, f/p - troll
Aim: a troll The stone arrow misses the troll.
The troll bites you!!
* * * LOW HITPOINT WARNING * * *
The troll closely misses you. x2
Casting: Stone Arrow (safe; 1% risk of failure)
Confirm with . or Enter, or press ? or * to list all spells.
Aiming: Stone Arrow (safe; 1% risk of failure)
Press: ? - help, Shift-Dir - straight line, f/p - troll
Aim: a troll The stone arrow misses the troll.
The troll barely misses you. The troll claws you!
You die...

····▒·······▒···▒▒▒▒▒▒▒▒▒▒▒▒▒··)·
·························▒ ▒····
······▒·····▒▒▒▒▒▒▒▒▒▒▒▒·▒▒▒▒····
····F·▒·F···▒▒▒▒▒▒▒▒▒ ▒·········
▒···········)·······▒ ▒·········
▒···················▒ ▒······▒'▒
▒···················▒ ▒······▒·▒
▒·<·················▒▒▒▒·▒▒▒▒▒▒·▒
'··············T@··········)·····
▒····▒▒▒·▒▒▒·▒▒▒▒▒▒▒▒▒▒▒▒▒▒▒▒▒▒·▒
<····▒ ▒··▒▒·▒ ▒··· ········▒
·····▒ ▒▒·▒▒·▒▒▒▒·▒▒▒▒▒▒▒▒▒▒·····
·····▒▒▒▒··▒·····················
'▒'▒▒▒▒····▒······▒▒··▒·▒▒▒▒··▒▒▒
····)·········▒▒▒··▒▒·▒··▒▒··▒▒··
··············▒▒▒···········▒▒·n▒
··············▒▒··▒▒▒·▒▒▒··▒▒··▒▒


You could see a troll.

Vanquished Creatures
  A catoblepas (D:8)
  Psyche (D:8)
  Joseph (D:7)
  A troll (D:8)
  A hippogriff (D:8)
  A wraith (D:8)
  4 hogs (D:7)
  A human (D:7)
  2 orc warriors (D:8)
  A sky beast (D:8)
  A black bear (D:5)
  2 ice beasts (D:7)
  A necrophage (D:8)
  2 ogres (D:8)
  A centaur (D:7)
  A crocodile (D:7)
  4 bullfrogs
  A water moccasin zombie (D:7)
  3 scorpions
  4 wights
  3 howler monkeys
  A vampire bat (D:4)
  An electric eel (D:6)
  2 crimson imps
  A bullfrog zombie (D:8)
  A centaur zombie (D:6)
  2 bullfrog skeletons
  5 hounds
  A jelly (D:7)
  A gnoll shaman (D:7)
  6 orc priests
  3 orc wizards
  A centaur skeleton (D:4)
  2 iguanas (D:8)
  4 worker ants
  A hound zombie (D:8)
  2 worker ant zombies
  12 gnolls
  12 adders
  2 shadow imps
  An adder skeleton (D:6)
  2 adder zombies (D:8)
  2 worms (D:3)
  2 dart slugs
  3 fire bats (D:4)
  4 leopard geckos
  13 orcs
  2 spectral bats (D:4)
  18 bats
  3 bat skeletons (D:4)
  A bat zombie (D:4)
  5 giant cockroaches
  14 goblins
  4 hobgoblins
  9 jackals
  8 kobolds
  A quokka (D:6)
  A ball python (D:4)
  A bat simulacrum (D:4)
  8 frilled lizards
  A leopard gecko zombie (D:5)
  A quokka zombie (D:8)
  6 rats
207 creatures vanquished.

Notes
Turn   | Place    | Note
-------+----------+-------------------------------------------
     0 | D:1      | Azzok the Deep Dwarf Earth Elementalist began the quest for
                  | the Orb.
     0 | D:1      | Reached XP level 1. HP: 15/15 MP: 3/3
   406 | D:1      | Reached XP level 2. HP: 22/22 MP: 2/4
   735 | D:1      | Reached skill level 5 in Earth Magic
   959 | D:2      | Reached XP level 3. HP: 22/28 MP: 2/5
   964 | D:2      | Learned a level 3 spell: Stone Arrow
  1136 | D:2      | Found a shimmering altar of Xom.
  1364 | D:2      | Reached skill level 6 in Earth Magic
  1568 | D:2      | Reached XP level 4. HP: 23/36 MP: 2/6
  2223 | D:3      | Reached skill level 7 in Earth Magic
  3386 | D:4      | Reached XP level 5. HP: 12/42 MP: 0/7
  3548 | D:4      | Reached skill level 8 in Earth Magic
  3817 | D:4      | Reached skill level 1 in Conjurations
  3817 | D:4      | Reached XP level 6. HP: 23/49 MP: 0/9
  4109 | D:4      | Found Sivymufuj's Armour Boutique.
  4669 | D:5      | Entered Level 5 of the Dungeon
  4769 | D:5      | Found an opulent altar of Gozag.
  4891 | D:5      | Reached XP level 7. HP: 22/55 MP: 4/11
  5182 | D:5      | Reached skill level 9 in Earth Magic
  5536 | D:5      | Found a snail-covered altar of Cheibriados.
  5641 | D:5      | Got a warped quarterstaff
  6036 | D:5      | Found a shadowy altar of Dithmenos.
  6100 | D:5      | Identified the cursed +1 quarterstaff of Skirmishing
                  | {crush, rPois Int+4 Dex-5} (You found it on level 5 of the
                  | Dungeon)
  6352 | D:6      | Found a staircase to the Ecumenical Temple.
  6382 | D:5      | Reached XP level 8. HP: 40/62 MP: 4/14
  6628 | D:6      | Reached skill level 10 in Earth Magic
  6730 | Temple   | Entered the Ecumenical Temple
  6849 | Temple   | Became a worshipper of Makhleb the Destroyer
  7211 | D:6      | Found an iron altar of Okawaru.
  7338 | D:6      | Found a bloodstained altar of Trog.
  7342 | D:6      | Found a hazy altar of Hepliaklqana.
  7347 | D:6      | Found a glowing silver altar of Zin.
  7451 | D:6      | Found a sparkling altar of Nemelex Xobeh.
  7485 | D:6      | Found a hazy altar of Hepliaklqana.
  8055 | D:7      | Reached skill level 5 in Spellcasting
  8143 | D:7      | Reached skill level 5 in Conjurations
  8480 | D:7      | Learned a level 4 spell: Fulminant Prism
  8653 | D:7      | Reached skill level 11 in Earth Magic
  8653 | D:7      | Gained mutation: You passively map the area around you.
                  | [Deep Dwarf growth]
  8653 | D:7      | Reached XP level 9. HP: 27/68 MP: 6/17
  8767 | D:7      | Found an opulent altar of Gozag.
  8836 | D:7      | Reached * piety under Makhleb
  9434 | D:8      | Noticed Joseph
  9441 | D:7      | Killed Joseph
  9584 | D:8      | Reached skill level 12 in Earth Magic
 10062 | D:8      | Found Ohyel's Book Shop.
 10219 | D:8      | Noticed Psyche
 10334 | D:8      | Killed Psyche
 10334 | D:8      | Reached XP level 10. HP: 54/75 MP: 9/20
 10641 | D:8      | Noticed a catoblepas
 11111 | D:8      | Reached ** piety under Makhleb
 11125 | D:8      | Killed a catoblepas
 11125 | D:8      | Reached skill level 13 in Earth Magic
 11273 | D:8      | Identified the Tome of the Mountains
 11285 | D:8      | Learned a level 6 spell: Iron Shot
 11296 | D:8      | Got a dazzling dagger
 11298 | D:8      | Got a faintly glowing war axe
 11299 | D:8      | Identified the +4 dagger "Xaexuc" {speed, rElec Int+2} (You
                  | found it on level 8 of the Dungeon)
 11300 | D:8      | Identified the +10 war axe of Cuareil {elec, *Noise +Inv
                  | rPois rF+} (You found it on level 8 of the Dungeon)
 11421 | D:8      | Mangled by a troll

Skill      XL: |  1  2  3  4  5  6  7  8  9 10 |
---------------+-------------------------------+-----
Earth Magic    | 5 6 7 8 9 11 12 13 | 13.1
Spellcasting   | 2 3 4 5 6 7 |  7.4
Conjurations   | 1 2 3 5 7 |  7.8
Dodging        | |  2.1
Stealth        | |  2.4
Transmutations | |  0.8

Action                   |  1- 3 |  4- 6 |  7- 9 | 10-12 || total
-------------------------+-------+-------+-------+-------++-------
Melee: Unarmed           |     2 |       |       |       ||     2
       Dagger            |     3 |    50 |    11 |       ||    64
 Cast: Sandblast         |    29 |    45 |    43 |       ||   117
       Stone Arrow       |     7 |    44 |   131 |    53 ||   235
 Abil: Heal Wounds       |       |     2 |     4 |     3 ||     9
  Use: Scroll            |       |       |     9 |     2 ||    11
 Stab: Sleeping          |       |     4 |       |       ||     4
  Eat: Chunk             |     4 |    12 |    18 |     4 ||    38
       Ration            |       |     1 |     2 |       ||     3
Armor: Robe              |     7 |    22 |    12 |     2 ||    43
Dodge: Dodged            |    14 |    52 |    48 |    10 ||   124
